 Dungeon Crawl Stone Soup version 0.18-a0-844-g9229740 (webtiles) character file.

9075 Proton the Martial Artist (level 11, -5/60 HPs)
             Began as a Vine Stalker Monk on Dec 19, 2015.
             Was an Elder of Ru.
             Slain by a sixfirhy (8 damage)
             ... summoned by a kobold demonologist
             ... on level 11 of the Dungeon.
             The game lasted 00:22:49 (8744 turns).

Proton the Martial Artist (Vine Stalker Monk)       Turns: 8744, Time: 00:22:49

Health: -5/60      AC: 10    Str: 17    XL:     11   Next: 40%
Magic:  0/12       EV: 16    Int: 12    God:    Ru [****..]
Gold:   526        SH:  0    Dex: 23    Spells: 0 memorised, 10 levels left

rFire  . . .     SeeInvis .       - Unarmed
rCold  . . .     Gourm    .     w - +1 scale mail of the Desert {rPois MR+}
rNeg   . . .     Faith    .     (no shield)
rPois  +         Spirit   +     (no helmet)
rElec  .         Dismiss  .     (no cloak)
rCorr  .         Reflect  .     y - +0 pair of gloves
SustAt .         Harm     .     (no boots)
MR     ++...                    E - amulet of regeneration
Stlth  +.........               n - +6 ring of dexterity
                                e - +2 ring of intelligence

@: very resistant to hostile enchantments, very unstealthy
A: fangs 3, regeneration 2, magic shield, antimagic bite, no device heal 3, rot
immunity, inability to use devices, no air magic, no hexes magic, no
translocations magic
a: Draw Out Power, Power Leap, Renounce Religion


You were on level 11 of the Dungeon.
You worshipped Ru.
Ru was greatly pleased with you.
You were hungry.

You visited 2 branches of the dungeon, and saw 12 of its levels.

You collected 526 gold pieces.

Inventory:

Armour
 w - the +1 scale mail of the Desert (worn) {rPois MR+}
   (You found it on level 11 of the Dungeon)

   It protects you from poison.
   It affects your resistance to hostile enchantments.
 y - a +0 pair of gloves (worn)
Jewellery
 e - a +2 ring of intelligence (left hand)
 n - a +6 ring of dexterity (right hand)
 E - an amulet of regeneration (around neck)
Scrolls
 a - 2 scrolls of immolation {unknown}
 g - 4 scrolls of fear {unknown}
 h - 7 scrolls of remove curse
 i - a scroll of amnesia {unknown}
 m - a scroll of summoning {unknown}
 o - 3 scrolls of random uselessness {unknown}
 q - 3 scrolls of noise {unknown}
 s - 4 scrolls of blinking {unknown}
 t - a scroll of magic mapping {unknown}
 u - a scroll of acquirement {unknown}
 x - 2 scrolls of recharging {unknown}
 A - a scroll of enchant armour {unknown}
 F - a scroll of teleportation {unknown}
 J - a scroll of brand weapon {unknown}
Potions
 j - a potion of flight {unknown}
 k - a potion of curing
 p - a potion of cancellation
 r - 2 potions of agility
 v - a potion of lignification
 z - a potion of magic
 D - a potion of cure mutation
 G - a potion of berserk rage
Comestibles
 b - 16 bread rations
 c - 2 beef jerkies
 d - 19 fruits
 f - a meat ration
 B - a royal jelly


   Skills:
 + Level 7.8 Fighting
 + Level 6.4 Armour
 + Level 7.1 Dodging
 - Level 2.4 Stealth
 * Level 11.6 Unarmed Combat


You had 10 spell levels left.
You didn't know any spells.

Dungeon Overview and Level Annotations

Branches:
Dungeon (11/15)            Temple (1/1) D:6            Lair (0/8) D:10
    Orc (0/2) D:9

Altars:
Ashenzari
Cheibriados
Dithmenos
Elyvilon
Fedhas
Gozag
Kikubaaqudgha
Makhleb
Nemelex Xobeh
Okawaru
Pakellas
Qazlal
Ru
Sif Muna
Trog
Vehumet
Xom
Yredelemnul
Zin
The Shining One

Shops:
D:4 *   D:6 (   D:9 (

Annotations:
D:7 Joseph
D:10 exclusion: oklob plant


Innate Abilities, Weirdness & Mutations

You have razor-sharp teeth.
You heal very quickly.
When hurt, damage is shared between your health and your magic reserves.
Your bite disrupts and absorbs the magic of your enemies.
Potions and wands cannot restore your health.
You are immune to rotting.
You cannot study or use magical devices.
You cannot study or cast Air magic.
You cannot study or cast Hexes magic.
You cannot study or cast Translocations magic.


Message History

The sixfirhy is severely wounded.
You closely miss the sixfirhy. Your bite misses the sixfirhy.
The sixfirhy is severely wounded.
The sixfirhy hits you. The sixfirhy shocks you!
The sixfirhy closely misses you.
You punch the sixfirhy! Your bite misses the sixfirhy.
The sixfirhy is almost dead.
The sixfirhy hits you. The sixfirhy shocks you!
The sixfirhy completely misses you. The sixfirhy hits you!
* * * LOW HITPOINT WARNING * * *
The sixfirhy shocks you!
* * * LOW HITPOINT WARNING * * *
The crimson imp puffs mist at you.
You completely miss the sixfirhy. Your bite misses the sixfirhy.
The sixfirhy is almost dead.
The sixfirhy hits you but does no damage.
The sixfirhy completely misses you. The sixfirhy hits you!
* * * LOW HITPOINT WARNING * * *
The sixfirhy shocks you!
You die...

#.# #.## #####
#..######## #...#
##.#........ ....#
##.).######## ...
......# #. 53.
##...## #.##K#
##.## #.##4# #.#
#.##@# #.# #.##.#
##+## #.##.#
##...## #.##.#.#
#.....## #......#
.......##
##.##.###
........####.....#
........'.......##
...†....####....#


You could see a soul eater, a kobold demonologist, a sixfirhy and a crimson imp.

Vanquished Creatures
  Erolcha (D:9)
  An unseen horror (D:9)
  A hill giant (D:10)
  A troll (D:8)
  Prince Ribbit (D:9)
  A two-headed ogre (D:10)
  A wraith (D:11)
  A wyvern (D:11)
  2 steam dragons
  2 yaks (D:9)
  2 humans (D:9)
  Edmund (D:4)
  A hungry ghost (D:9)
  2 water moccasins
  A necrophage (D:10)
  A sky beast (D:8)
  6 orc warriors
  8 ogres
  2 centaurs
  2 phantoms (D:10)
  3 big kobolds (D:9)
  A crocodile (D:7)
  A gnoll sergeant (D:8)
  3 giant frogs
  5 killer bees (D:8)
  2 scorpions (D:4)
  The ghost of AlfredTheGreat the Skirmisher, a weakling DrBe of Trog (D:3)
  7 wights
  2 spriggan skeletons (D:9)
  10 crimson imps
  A giant frog zombie (D:6)
  2 orc priests
  2 centaur zombies
  3 centaur skeletons (D:9)
  A giant frog skeleton (D:5)
  9 orc wizards
  4 hounds
  2 jellies
  5 iguanas
  9 worker ants
  A killer bee zombie (D:8)
  A hound zombie (D:10)
  5 gnolls
  2 hound skeletons
  12 adders
  5 shadow imps
  An ooze (D:1)
  2 adder skeletons
  3 worms
  5 giant geckos
  39 orcs
  7 bats
  7 giant cockroaches
  2 goblins
  5 hobgoblins
  4 jackals (D:5)
  9 kobolds
  4 quokkas
  3 ball pythons
  A giant gecko zombie (D:6)
  5 giant newts
  3 rats
237 creatures vanquished.

Vanquished Creatures (others)
  A yak (D:9)
  A wyvern skeleton (D:6)
  A plant (D:10)
3 creatures vanquished.

Grand Total: 240 creatures vanquished

Notes
Turn   | Place    | Note
--------------------------------------------------------------
     0 | D:1      | Proton the Vine Stalker Monk began the quest for the Orb.
     0 | D:1      | Reached XP level 1. HP: 11/11 MP: 2/2
   243 | D:1      | Reached XP level 2. HP: 16/16 MP: 3/3
   691 | D:2      | Found a stormy altar of Qazlal.
   696 | D:2      | Found a shadowy altar of Dithmenos.
   730 | D:2      | Reached skill level 1 in Armour
   730 | D:2      | Reached XP level 3. HP: 20/20 MP: 4/4
  1200 | D:2      | Reached XP level 4. HP: 21/24 MP: 5/5
  1722 | D:3      | Noticed AlfredTheGreat's ghost (weakling DrBe)
  1860 | D:3      | Killed AlfredTheGreat's ghost
  1860 | D:3      | Reached XP level 5. HP: 15/28 MP: 4/6
  1922 | D:3      | Reached skill level 5 in Unarmed Combat
  2388 | D:3      | Found a deep blue altar of Sif Muna.
  2545 | D:3      | Gained mutation: You heal very quickly. [Vine Stalker growth]
  2545 | D:3      | Reached XP level 6. HP: 27/32 MP: 7/7
  2637 | D:4      | Noticed Edmund
  2645 | D:5      | Entered Level 5 of the Dungeon
  2834 | D:5      | Reached XP level 7. HP: 34/37 MP: 8/8
  2887 | D:5      | Reached skill level 6 in Unarmed Combat
  2945 | D:5      | Found an opulent altar of Gozag.
  2946 | D:5      | Found a white marble altar of Elyvilon.
  3077 | D:5      | Found an oddly glowing altar of Pakellas.
  3077 | D:5      | Found a radiant altar of Vehumet.
  3079 | D:5      | Found an iron altar of Okawaru.
  3079 | D:5      | Found a deep blue altar of Sif Muna.
  3079 | D:5      | Found a bloodstained altar of Trog.
  3080 | D:5      | Found a shimmering altar of Xom.
  3322 | D:4      | Killed Edmund
  3729 | D:4      | Found Suriam's General Store.
  3937 | D:4      | Gained mutation: You have razor-sharp teeth. [Vine Stalker growth]
  3937 | D:4      | Reached XP level 8. HP: 35/42 MP: 9/9
  4416 | D:6      | Reached skill level 7 in Unarmed Combat
  4447 | D:6      | Found Egoc's Antique Weapon Boutique.
  4511 | D:6      | Found a staircase to the Ecumenical Temple.
  4852 | D:7      | Reached skill level 5 in Fighting
  4956 | D:7      | Noticed Joseph
  5048 | Temple   | Entered the Ecumenical Temple
  5213 | Temple   | Became a worshipper of Ru the Awakened
  5228 | D:6      | Gained mutation: You cannot study or cast Air magic. [Ru sacrifice]
  5228 | D:6      | Gained mutation: You cannot study or cast Hexes magic. [Ru sacrifice]
  5228 | D:6      | Gained mutation: You cannot study or cast Translocations magic. [Ru sacrifice]
  5228 | D:6      | Reached * piety under Ru
  5329 | D:6      | Reached skill level 8 in Unarmed Combat
  5329 | D:6      | Reached XP level 9. HP: 39/47 MP: 10/10
  5450 | D:6      | Reached skill level 5 in Dodging
  5630 | D:6      | Found a basalt altar of Yredelemnul.
  5922 | D:7      | You fall through a shaft for 2 floors!
  5922 | D:9      | Noticed Prince Ribbit
  5949 | D:9      | Killed Prince Ribbit
  6042 | D:9      | Found a basalt altar of Yredelemnul.
  6283 | D:8      | Reached skill level 9 in Unarmed Combat
  6476 | D:8      | Got a smoking hand axe
  6477 | D:8      | Identified the cursed +1 hand axe of Causality {freeze, Int+2} (You found it on level 8 of the Dungeon)
  6532 | D:8      | Reached skill level 5 in Armour
  6718 | D:8      | Reached XP level 10. HP: 41/53 MP: 11/11
  6827 | D:9      | Gained mutation: You cannot study or use magical devices. [Ru sacrifice]
  6827 | D:9      | Reached ** piety under Ru
  6827 | D:9      | Reached *** piety under Ru
  6827 | D:9      | Reached **** piety under Ru
  6927 | D:9      | Noticed an unseen horror
  6940 | D:9      | Killed an unseen horror
  6940 | D:9      | Reached skill level 10 in Unarmed Combat
  7022 | D:9      | Noticed Erolcha
  7033 | D:9      | Killed Erolcha
  7124 | D:9      | Found Quthry's Antique Weapon Emporium.
  7298 | D:9      | Found an iron altar of Okawaru.
  7396 | D:9      | Found a staircase to the Orcish Mines.
  7631 | D:9      | Reached XP level 11. HP: 20/58 MP: 6/12
  7639 | D:9      | Reached skill level 11 in Unarmed Combat
  7783 | D:10     | Entered Level 10 of the Dungeon
  7825 | D:10     | Noticed a hill giant
  8099 | D:10     | Noticed a hill giant
  8108 | D:10     | Killed a hill giant
  8262 | D:10     | Found a staircase to the Lair.
  8430 | D:11     | Got an ichor-stained scale mail
  8441 | D:11     | Identified the +1 scale mail of the Desert {rPois MR+} (You found it on level 11 of the Dungeon)
  8739 | D:11     | Noticed a soul eater
  8744 | D:11     | HP: 3/60 [sixfirhy[a kobold demonologist] (7)]
  8744 | D:11     | Slain by a sixfirhy

Vault maps used:
D:1:      dpeg_arrival_long_road, minmay_misc_feat_hallway, due_unseen_surprise
D:2:      amethyst_overflow_temple_binary, kennysheep_potato
D:3:      lemuel_blue_sif_altar
D:4:      first_bread, serial_shops, shop_statue,
          hangedman_abyss_or_decor_lesser_grid, kennysheep_cross_bottleneck,
          uniq_edmund
D:5:      grunt_temple_overflow_open, serial_bayou_pond_c,
          hangedman_abyss_or_decor_slice
D:6:      temple_pool_b, serial_shops, shop, kennysheep_flooded_box,
          st_stairs_13, minmay_tree_intersection
D:7:      uniq_joseph
D:9:      lemuel_flame_loot_2, yredelemnul_altar_generic,
          kennysheep_orc_monster_closet_entryway, serial_shops, kennysheep_mini,
          hangedman_tell_no_tales, okawaru_humans, uniq_prince_ribbit1,
          uniq_erolcha
D:10:     lemuel_ice_spiral_2, dpeg_oklobed_lair
Temple:   jpeg_temple_clearing_9

Action                   |  1- 3 |  4- 6 |  7- 9 | 10-12 || total
-------------------------+-------+-------+-------+-------++-------
Melee: Unarmed           |    88 |   269 |   478 |   288 ||  1123
Invok: Sacrifice Arcana  |       |       |     1 |       ||     1
       Draw Out Power    |       |       |       |     2 ||     2
       Sacrifice Artific |       |       |       |     1 ||     1
       Reject Sacrifices |       |       |       |     1 ||     1
Evoke: Wand              |       |       |     1 |       ||     1
  Use: Potion            |       |       |     3 |       ||     3
       Scroll            |       |       |     7 |     1 ||     8
 Stab: Sleeping          |     4 |     3 |     1 |     1 ||     9
       Invisible         |       |       |       |     5 ||     5
  Eat: Meat ration       |       |     1 |     1 |       ||     2
       Bread ration      |       |     1 |     1 |       ||     2
       Beef jerky        |       |       |     1 |       ||     1
       Pizza             |       |       |     1 |       ||     1
       Royal jelly       |       |       |       |     3 ||     3
